 Seeded DCSS version 0.28-a0-1184-g53156a8862 (webtiles) character file.

Game seed: 6480779120276185561 (custom seed)

5 ytrimaz the Insei (level 1, -1/13 HPs)
             Began as an Octopode Transmuter on Dec 17, 2021.
             Frozen to death by an endoplasm (4 damage)
             ... on level 1 of the Dungeon.
             The game lasted 00:00:19 (308 turns).

ytrimaz the Insei (Octopode Transmuter)              Turns: 308, Time: 00:00:19

Health: -1/13      AC:  1    Str:  9    XL:     1   Next: 80%
Magic:  3/3        EV: 13    Int: 15    God:
Gold:   33         SH:  0    Dex: 12    Spells: 3/4 levels left

rFire   . . .      SeeInvis .     - Unarmed
rCold   . . .      Faith    .   (no shield)
rNeg    . . .      Spirit   .   (helmet currently unavailable)
rPois   .          Reflect  .   (no amulet)
rElec   .          Harm     .   (no ring)
rCorr   .          Rampage  .   (no ring)
Will    .....                   (no ring)
Stlth   ++........              (no ring)
HPRegen 0.04/turn               (no ring)
MPRegen 0.08/turn               (no ring)
                                (no ring)
                                (no ring)

@: appendages (expiring)
A: tentacle spike 3, almost no armour, amphibious, 8 rings, camouflage 1,
gelatinous body 1, (nimble swimmer 1), tentacles
a: End Transformation


You were on level 1 of the Dungeon.
One of your tentacles had grown a beastly spike.
You visited 1 branch of the dungeon, and saw 1 of its levels.

You collected 33 gold pieces.

You aren't carrying anything.


   Skills:
 * Level 1.1 Fighting
 * Level 2.0 Dodging
 + Level 3.1 Unarmed Combat
 * Level 2.0 Spellcasting
 * Level 2.1 Transmutations


You had 3 spell levels left.
You knew the following spells:

 Your Spells              Type           Power      Damage    Failure   Level
a - Beastly Appendage     Tmut           14%        N/A       10%         1

Your spell library contained the following spells:

 Spells                   Type           Power      Damage    Failure   Level
 Wereblood                Tmut           7%         N/A       14%         2
 Spider Form              Tmut/Pois      4%         N/A       41%         3
 Ice Form                 Ice/Tmut       4%         N/A       82%         4


Dungeon Overview and Level Annotations

Branches:
Dungeon (1/15)

Altars:


Innate Abilities, Weirdness & Mutations

One of your tentacles has grown a beastly spike.
You cannot wear most types of armour.
You are amphibious.
You can wear up to eight rings at the same time.
Your skin changes colour to match your surroundings (Stealth+).
Your rubbery body absorbs attacks. (AC +1, EV +1)
((You are camouflaged near water. (Stealth+)))
You have tentacles for arms and can constrict up to eight enemies at once.


Message History

You tentacle-slap the goblin.
You kill the goblin!
The bat barely misses you. The bat closely misses you.
An endoplasm comes into view.
A goblin comes into view. It is wielding a +0 club.
You see here a +0 dagger.
The bat hits you. The bat hits you but does no damage.
You closely miss the bat. Your grab misses the bat.
Your squeeze misses the bat. The bat barely misses you. The bat misses you.
The bat hits you.
You tentacle-slap the endoplasm.
The endoplasm is heavily wounded.
The bat hits you. The endoplasm barely misses you.
The bat hits you but does no damage. The giant cockroach closely misses you.
The giant cockroach bites you but does no damage.
You tentacle-slap the endoplasm.
The endoplasm is almost dead.
Your transformation is almost over.
The endoplasm freezes you.
You are frozen.
The endoplasm freezes you.
You are frozen.
* * * LOW HITPOINT WARNING * * *
The giant cockroach misses you. The bat misses you.
The bat hits you but does no damage. The endoplasm misses you.
The bat barely misses you. The bat barely misses you.
The bat hits you but does no damage.
You aren't carrying any potions.
As you read the scroll labelled ZIUTYU HEN IKUA, it crumbles to dust.
It is a scroll of identify.
You don't have any unidentified items.
The bat closely misses you. x2; The bat barely misses you.
Unknown command.
You closely miss the bat. Your grab misses the bat.
The bat barely misses you. x2
The endoplasm freezes you.
You are frozen.
You die...

..................
#########..###### #..#
# #..####....
######..........
#..........########..#
.....................#
#.###..##..#######...#
#..##......b@#...#
.........####J#...#
###..#...####g#...####
# #..#.......J........
#
.....................
.
###..#................
. #..#......).........
.B...............###.
##..#....#..#....#


You could see 2 endoplasms, a goblin and a bat.

Vanquished Creatures
  A ball python (D:1)
  A goblin (D:1)
  2 kobolds (D:1)
  A rat (D:1)
5 creatures vanquished.

Notes
Turn   | Place    | Note
-------+----------+-------------------------------------------
     0 | D:1      | ytrimaz the Octopode Transmuter began the quest for the
                  | Orb.
     0 | D:1      | Reached XP level 1. HP: 13/13 MP: 3/3
   308 | D:1      | Frozen to death by an endoplasm

Illustrated notes

Levels and vault maps discovered:
D:1:      dpeg_arrival_stonehenge_8_columns, layout_basic,
          dreamdust_ecumenical_altar_drowned_temple

Action                   || total
-------------------------++-------
Melee: Unarmed           ||    10
       Constrict         ||     3
       Tentacles         ||     2
 Cast: Beastly Appendage ||     2
  Use: Scroll            ||     1
Armor: Skin              ||     5
Dodge: Dodged            ||    18

Table legend: (Time is in decaauts)
 A = Elapsed time spent in this place.
 B = Non-inter-level travel time spent in this place.
 C = Inter-level travel time spent in this place.
 D = Time resting spent in this place.
 E = Time spent auto-exploring this place.
 F = Levels seen in this place.
 G = Mean time per level.
                   A        B        C        D        E       F      G
               +--------+--------+--------+--------+--------+-----+--------+
         Total |    307 |    307 |      0 |      0 |    262 |   1 |  307.0 |
       Dungeon |    307 |    307 |      0 |      0 |    262 |   1 |  307.0 |
               +--------+--------+--------+--------+--------+-----+--------+

Top non-repeatable levels by time:
     D:1: 307 daAuts
